 Dungeon Crawl Stone Soup version 0.31-a0-232-gb1c03b2570 (webtiles) character file.

Game seed: 6425923974079507322

307 Decritt the Trooper (level 6, -2/68 HPs)
             Began as an Ogre Monk on July 7, 2023.
             Was a Believer of Zin.
             Slain by a centaur
             ... wielding a +0 whip
              (5 damage)
             ... on level 4 of the Dungeon.
             The game lasted 00:09:01 (2671 turns).

Decritt the Trooper (Ogre Monk)                     Turns: 2671, Time: 00:09:02

Health: -2/68      AC:  4    Str: 18    XL:     6   Next: 40%
Magic:  6/6        EV: 10    Int: 11    God:    Zin [**....]
Gold:   126        SH:  0    Dex: 11    Spells: 5/5 levels left

rFire   . . .        j - +0 club
rCold   . . .        d - orb {light}
rNeg    . . .        b - +1 robe
rPois   .            (helmet restricted)
rElec   .            (no cloak)
rCorr   .            (gloves unavailable)
SInv    .            (boots unavailable)
Will    .....        (no amulet)
Stlth   +            o - ring of flight
HPRegen 0.31/turn    (no ring)
MPRegen 0.10/turn

%: no passive effects
@: flying, glowing
A: large, unfitting armour, tough skin 1
a: Renounce Religion, Recite, Vitalisation, Donate Gold


You were on level 4 of the Dungeon.
You worshipped Zin.
Zin was pleased with you.
You visited 2 branches of the dungeon, and saw 6 of its levels.

You collected 139 gold pieces.
You donated 13 gold pieces to Zin.

Inventory:

Hand Weapons
 j - a +0 club (weapon)
Missiles
 m - 2 throwing nets
Armour
 b - a +1 robe (worn)
 d - an orb of light (worn)
Jewellery
 o - a ring of flight (left hand)
Scrolls
 a - a scroll of vulnerability
Potions
 e - 3 potions of magic {unknown}
 n - a potion of mutation {unknown}
 q - a potion of enlightenment {unknown}
 r - 2 potions of attraction


   Skills:
 * Level 6.6 Fighting
 * Level 4.5 Maces & Flails
 + Level 3.6 Dodging


You had 5 spell levels left.
You didn't know any spells.
Your spell library contained the following spells:

 Spells                   Type           Power      Damage    Failure   Level
 Freeze                   Ice            0%         1d3       34%         1
 Blink                    Tloc           0%         N/A       47%         2
 Lesser Beckoning         Tloc           0%         N/A       47%         2
 Momentum Strike          Conj/Tloc      0%         3d8       47%         2
 Scorch                   Fire           0%         2d5       47%         2
 Frozen Ramparts          Ice            0%         1d1       71%         3
 Hailstorm                Conj/Ice       0%         3d3       71%         3
 Flame Wave               Conj/Fire      0%         2d4       98%         4
 Summon Cactus Giant      Summ           0%         N/A       100%        6


Dungeon Overview and Level Annotations

Branches:
Dungeon (5/15)             Temple (1/1) D:4

Altars:
Ashenzari
Dithmenos
Elyvilon
Fedhas
Gozag
Hepliaklqana
Kikubaaqudgha
Makhleb
Nemelex Xobeh
Okawaru
Qazlal
Ru
Sif Muna
Uskayaw
Vehumet
Xom
Yredelemnul
Zin
The Shining One


Innate Abilities, Weirdness & Mutations

You are too large for most types of armour.
You have tough skin. (AC +1)


Message History

The centaur barely misses you. The centaur kicks you.
* * * LOW HITPOINT WARNING * * *
You bump into the translucent rock wall.
The centaur hits you with a +0 whip.
* * * LOW HITPOINT WARNING * * *
The centaur kicks you but does no damage.
The centaur hits you but does no damage.
The centaur closely misses you.
You hit the centaur but do no damage.
The centaur is severely wounded.
The centaur misses you. The centaur kicks you.
* * * LOW HITPOINT WARNING * * *
The centaur hits you with a +0 whip.
* * * LOW HITPOINT WARNING * * *
The centaur barely misses you.
You hit the centaur.
The centaur is severely wounded.
The centaur hits you with a +0 whip.
* * * LOW HITPOINT WARNING * * *
The centaur kicks you but does no damage.
You bump into the translucent rock wall.
The centaur hits you with a +0 whip.
* * * LOW HITPOINT WARNING * * *
The centaur closely misses you. The centaur hits you with a +0 whip.
* * * LOW HITPOINT WARNING * * *
The centaur kicks you.
* * * LOW HITPOINT WARNING * * *
You hit the centaur but do no damage.
The centaur is severely wounded.
You feel less invigorated.
You feel less confused. The centaur hits you with a +0 whip.
* * * LOW HITPOINT WARNING * * *
The centaur kicks you but does no damage.
You hit the centaur but do no damage.
The centaur is severely wounded.
The centaur hits you with a +0 whip.
* * * LOW HITPOINT WARNING * * *
The centaur barely misses you. The centaur hits you with a +0 whip.
You die...

#....#
#.#.#..#.#......#......
#..###
#.#.#.##.#......##.####
#..
..#.#....######..#..
###.#####...########
..........'.....
.###'###..###### #
#.....#..######
....#.###.#.........
....'.#@co'.########
....#.###o#......# #
#.....#.####.#
###'###.. #.. ...# ##.
...# . ...# .. ..#


You could see a centaur and 2 orcs.

Vanquished Creatures
  A phantom (D:4)
  3 hounds
  Jessica (D:2)
  Terence (D:2)
  2 adders
  2 worms (D:2)
  3 dart slugs
  3 orcs
  8 endoplasms
  4 giant cockroaches
  4 goblins
  6 hobgoblins
  3 jackals (D:2)
  A quokka (D:2)
  8 ball pythons
  3 bats (D:2)
  2 frilled lizards
  4 rats
59 creatures vanquished.

Notes
Turn   | Place    | Note
-------+----------+-------------------------------------------
     0 | D:1      | Decritt the Ogre Monk began the quest for the Orb.
     0 | D:1      | Reached XP level 1. HP: 24/24 MP: 1/1
    69 | D:1      | Reached XP level 2. HP: 32/32 MP: 2/2
   575 | D:2      | Reached XP level 3. HP: 40/40 MP: 3/3
   605 | D:2      | Noticed Terence
   620 | D:2      | Killed Terence
   621 | D:2      | Reached skill level 5 in Fighting
   839 | D:2      | Reached XP level 4. HP: 50/50 MP: 4/4
   845 | D:2      | Identified the +0 pair of boots "Yfeeh" {Str-5 Int+4}
   903 | D:2      | Found a faded altar of an unknown god.
   968 | D:2      | Noticed Jessica
   999 | D:2      | Killed Jessica
  1345 | D:2      | Reached XP level 5. HP: 57/57 MP: 5/5
  1774 | D:3      | You are sucked into a shaft and drop 2 floors!
  1774 | D:5      | Entered Level 5 of the Dungeon
  1989 | D:5      | Noticed an ogre
  2001 | D:4      | Reached skill level 6 in Fighting
  2157 | D:4      | Noticed a phantom
  2193 | D:4      | Killed a phantom
  2194 | D:4      | Reached XP level 6. HP: 6/68 MP: 6/6
  2466 | D:4      | Found a staircase to the Ecumenical Temple.
  2470 | Temple   | Entered the Ecumenical Temple
  2606 | Temple   | Became a worshipper of Zin the Law-Giver
  2606 | Temple   | Reached * piety under Zin
  2606 | Temple   | Reached ** piety under Zin
  2662 | D:4      | HP: 1/68 [centaur/+0 whip (3)]
  2671 | D:4      | HP: 3/68 [centaur/+0 whip (4)]
  2671 | D:4      | Slain by a centaur

Illustrated notes

Levels and vault maps discovered:
D:1:      kennysheep_arrival_forest, layout_rooms
D:2:      layout_loops_ring, hellmonk_ecumenical_altar_zigzags, uniq_terence,
          uniq_jessica
D:3:      layout_basic, dk_noncrumbling_3, kennysheep_generic_room_10,
          uniq_robin
D:4:      layout_basic, minmay_temple_entry_glassed_door
D:5:      layout_basic, serial_shops, nicolae_shop_mannequins,
          kb_lookout_dungeons_type
Temple:   nicolae_temple_bog_church

Skill      XL: |  1  2  3  4  5 |
---------------+----------------+-----
Maces & Flails | 3 4 |  4.5
Fighting       | 5 6 |  6.6
Dodging        | 3 |  3.6

Action                     |  1- 3 |  4- 6 || total
---------------------------+-------+-------++-------
  Melee: Mace              |    76 |    34 ||   110
         Club              |       |   153 ||   153
    Use: Scroll            |       |     7 ||     7
         Potion            |       |     2 ||     2
 Armour: Robe              |    16 |    60 ||    76
  Dodge: Dodged            |    37 |   115 ||   152

Table legend: (Time is in decaauts)
 A = Elapsed time spent in this place.
 B = Non-inter-level travel time spent in this place.
 C = Inter-level travel time spent in this place.
 D = Time resting spent in this place.
 E = Time spent auto-exploring this place.
 F = Levels seen in this place.
 G = Mean time per level.
                   A        B        C        D        E       F      G
               +--------+--------+--------+--------+--------+-----+--------+
         Total |   2709 |   2655 |     54 |    320 |   1641 |   6 |  451.5 |
       Dungeon |   2549 |   2503 |     46 |    320 |   1627 |   5 |  509.8 |
        Temple |    159 |    151 |      8 |      0 |     14 |   1 |  159.0 |
               +--------+--------+--------+--------+--------+-----+--------+

Top non-repeatable levels by time:
     D:2: 1094 daAuts
     D:1: 582 daAuts
     D:4: 527 daAuts
     D:5: 219 daAuts
  Temple: 159 daAuts
     D:3: 125 daAuts
